[Event "Late-Titled-Tuesday-Blitz-March-26-2024"]
[Site "Chess.com"]
[Date "2024.03.26"]
[Round "3"]
[White "The_Straightforward_Rook"]
[Black "MikeSailer"]
[Result "1-0"]
[WhiteElo "2386"]
[BlackElo "2087"]
[TimeControl "180+1"]
[EndTime "14:30:20 PDT"]
[Termination "The_Straightforward_Rook won on time"]

1. Nf3 d5 2. d4 Nf6 3. c4 Bf5 4. e3 e6 5. Bd3 Bb4+ 6. Nc3 Ne4 7. O-O Bxc3 8. bxc3 Nxc3 9. Qc2 Bxd3 10. Qxd3 Ne4 11. Ba3 Nc6 12. Rab1 Rb8 13. Rfc1 Ne7 14. cxd5 exd5 15.
Nd2 Nxd2 16. Qxd2 O-O 17. Qa5 Nc6 18. Qa4 Re8 19. h3 a6 20. Rc5 Ne7 21. Rc2 c6 22.
Rcb2 Qc7 23. Qb4 Ng6 24. Qd6 Qxd6 25. Bxd6 Rbd8 26. Bc7 Rd7 27. Rxb7 Nf8 28. Ba5 Rxb7 29. Rxb7 Rc8 30. Bb4 Ne6 31. a3 g6 32. Ra7 c5 33.
dxc5 Nxc5 34. Bxc5 Rxc5 35. Rxa6 Kg7 36. Kh2 h5 37. Kg3 g5 38. Kf3 f6 39. g3 Kg6 40.
a4 Rc2 41. a5 Ra2 42. Ra8 Kf5 43. g4+ hxg4+ 44. hxg4+ Ke5 45. a6 d4 46. a7 dxe3 47. Re8+ Kd6 48. a8=Q Rxa8 49. Rxa8 1-0

[Event "Late-Titled-Tuesday-Blitz-March-26-2024"]
[Site "Chess.com"]
[Date "2024.03.26"]
[Round "3"]
[White "GWR2024"]
[Black "Chesstiger64"]
[Result "1-0"]
[WhiteElo "2187"]
[BlackElo "2395"]
[TimeControl "180+1"]
[EndTime "14:30:21 PDT"]
[Termination "GWR2024 won by checkmate"]

1. e4 c6 2. Nf3 d5 3. exd5 cxd5 4. Ne5 Nc6 5. Bb5 Bd7 6. Nxd7 Qxd7 7. O-O a6 8. Be2 Nf6 9. d4 e6 10. c3 Bd6 11. Nd2 Qc7 12. Nf3 Ne4 13. Be3 f5 14.
Rc1 O-O 15. Ng5 Nxg5 16. Bxg5 Bxh2+ 17. Kh1 Bf4 18. Bxf4 Qxf4 19. g3 Qh6+ 20. Kg2 f4 21. Rh1 Qf6 22. g4 Ne7 23. Rh3 Ng6 24. Qh1 h6 25.
Bf3 b5 26. Re1 Rac8 27. Kf1 b4 28. c4 Rfd8 29. cxd5 exd5 30. Bxd5+ Kh7 31. Be4 Rxd4 32. Rh5 Rxe4 33. Qxe4 a5 34. g5 Qa6+ 35. Kg1 Rc5 36. Qh1 Qb5 37. Rxh6+ Kg8 38. Rxg6 Rxg5+ 39. Rxg5 Qxg5+ 40. Qg2 Qf6 41. Qf3 Qg5+ 42. Qg2 Qf6 43. f3 Qd4+ 44.
Qf2 Qd5 45. Qe2 Qg5+ 46. Kf1 Qh4 47. Qe6+ Kh8 48. Qg4 Qh1+ 49. Kf2 Qh2+ 50. Qg2 Qh4+ 51. Kf1 Qf6 52. Qg4 Qa6+ 53. Kg2 Qf6 54. Re6 Qxb2+ 55. Kh3 Qxa2 56. Re8+ Kh7 57. Qh5# 1-0

[Event "Late-Titled-Tuesday-Blitz-March-26-2024"]
[Site "Chess.com"]
[Date "2024.03.26"]
[Round "3"]
[White "RandomNoob04"]
[Black "SuperJesus88"]
[Result "0-1"]
[WhiteElo "2664"]
[BlackElo "2479"]
[TimeControl "180+1"]
[EndTime "14:30:22 PDT"]
[Termination "SuperJesus88 won by resignation"]

1. e4 d6 2. d4 Nf6 3. Nc3 e5 4. Nf3 Nbd7 5. g4 Nxg4 6. Rg1 exd4 7. Nxd4 Nde5 8. Bf4 c6 9. Be2 Nf6 10. Qd2 Ng6 11.
Bg3 d5 12. e5 Ne4 13. Nxe4 dxe4 14. O-O-O Bc5 15. Qe3 Qd5 16. c4 Bxd4 17. Rxd4 Qa5 18.
Kb1 Bf5 19. h4 Nf8 20. Rgd1 Ne6 21. Rd7 Nc5 22. R7d6 O-O 23. h5 h6 24. Bf4 Ne6 25.
Rg1 Kh7 26. Bg4 Bxg4 27. Qxe4+ f5 28. exf6+ Bf5 29. Rxe6 Bxe4+ 30. Rxe4 Qf5 31. Rxg7+ Kh8 32. f3 Rae8 33. Re7 Rxe7 34. fxe7 Re8 35. Kc1 Qd7 36. Be5+ Kh7 37. Bf6 Qf5 38. Bc3 Qxf3 39. Re5 Qf4+ 40. Kc2 Qxe5 41. Bxe5 Rxe7 42. Bd4 b6 43. Kd3 c5 44.
Bc3 Kg8 45. b4 cxb4 46. Bxb4 Re5 47. Kd4 Rxh5 48. c5 bxc5+ 49. Bxc5 Rxc5 50. Kxc5 Kf7 51. Kb5 h5 52. Ka6 h4 53. Kxa7 h3 54. a4 h2 55.
a5 h1=Q 56. a6 Qc6 0-1

[Event "Late-Titled-Tuesday-Blitz-March-26-2024"]
[Site "Chess.com"]
[Date "2024.03.26"]
[Round "3"]
[White "Practical-Play"]
[Black "Xavier_mompel"]
[Result "1-0"]
[WhiteElo "2477"]
[BlackElo "2338"]
[TimeControl "180+1"]
[EndTime "14:30:24 PDT"]
[Termination "Practical-Play won on time"]

1. e4 c5 2. c3 Nf6 3. e5 Nd5 4. d4 cxd4 5. Nf3 e6 6. Bc4 d6 7. Qxd4 Nc6 8. Qe4 dxe5 9. Nxe5 Nxe5 10. Qxe5 Bd6 11. Qxg7 Qf6 12. Qxf6 Nxf6 13. Nd2 Bd7 14. Bd3 Bc6 15. Nc4 Bc7 16. f3 Rg8 17. O-O O-O-O 18.
Be2 Nd5 19. a4 Bf4 20. Kf2 Bxh2 21. Rh1 Bg3+ 22. Kf1 Rg7 23. Bh6 Rg6 24. Rd1 Bf4 25.
Bxf4 Nxf4 26. Rxd8+ Kxd8 27. g4 Nxe2 28. Kxe2 Rxg4 29.
Ne5 Rg2+ 30. Ke3 Rxb2 31. Nxf7+ Ke7 32. Rxh7 Kf6 33. Nd6 Bxa4 34. f4 Bc6 35. Rh6+ Ke7 36. Nc4 Rb3 37. Kd4 Rb5 38. Ne5 Rd5+ 39. Ke3 a5 40. c4 Rc5 41. Rh7+ Kd6 42. Kd4 Rd5+ 43. cxd5 Bxd5 44. Nf7+ Kc6 45. Ne5+ Kb5 46. f5 a4 47. f6 a3 48. Rh2 a2 49. Rxa2 1-0

[Event "Late-Titled-Tuesday-Blitz-March-26-2024"]
[Site "Chess.com"]
[Date "2024.03.26"]
[Round "3"]
[White "sotochess"]
[Black "vladislavkovalev"]
[Result "0-1"]
[WhiteElo "2599"]
[BlackElo "2877"]
[TimeControl "180+1"]
[EndTime "14:30:25 PDT"]
[Termination "vladislavkovalev won on time"]

1. e4 e5 2. Nf3 Nc6 3. Bc4 Nf6 4. d3 Bc5 5. O-O d6 6. Be3 a6 7. a4 O-O 8. Nbd2 h6 9. c3 Re8 10. b4 Bxe3 11. fxe3 d5 12. exd5 Nxd5 13. Qb3 Be6 14. Rae1 b5 15. Bxd5 Bxd5 16. Qc2 Qd7 17. e4 Be6 18. Re3 Reb8 19. Nh4 a5 20. axb5 Rxb5 21. Qa4 Rbb8 22. b5 Ne7 23. c4 c6 24. bxc6 Qxc6 25. Qa1 Qc5 26. Re1 a4 27. Nhf3 f6 28. d4 exd4 29. Qxd4 Qxd4 30. Nxd4 Bf7 31. Ra1 Rd8 32. N4f3 Nc6 33. Rea3 g5 34. h3 h5 35. g4 hxg4 36. hxg4 Be6 37. Rxa4 Rxa4 38. Rxa4 Bxg4 39. Ra6 Rd6 40. c5 Re6 41. Kf2 Kf7 42. Rb6 Bh5 43.
Kg3 Bxf3 44. Nxf3 Ke7 0-1

[Event "Late-Titled-Tuesday-Blitz-March-26-2024"]
[Site "Chess.com"]
[Date "2024.03.26"]
[Round "3"]
[White "FairChess_on_YouTube"]
[Black "DanielDardha2005"]
[Result "0-1"]
[WhiteElo "3109"]
[BlackElo "2857"]
[TimeControl "180+1"]
[EndTime "14:30:26 PDT"]
[Termination "DanielDardha2005 won by resignation"]

1. c4 c6 2. Nf3 d5 3. d4 Nf6 4.
Qc2 a6 5. Nc3 b5 6. e4 bxc4 7.
e5 Ng8 8. b3 cxb3 9. axb3 e6 10. Bd3 h6 11. Na4 a5 12. O-O Ba6 13. Bxa6 Rxa6 14.
Nc5 Bxc5 15. Qxc5 Nd7 16. Qc3 Ne7 17. Ba3 O-O 18. Rfc1 Re8 19. Ne1 Nf5 20. Nd3 Qh4 21.
Bc5 Nxc5 22. Nxc5 Nxd4 23. Qd3 Raa8 24. Ra4 Qg5 25. f4 Qxf4 26. Re1 Qh4 27. Rf1 Qe7 28. Qxd4 Reb8 29. h3 Rb5 30. Rc1 Rab8 31. Kh2 Qa7 32. Nxe6 Qe7 33. Nc5 Rb4 34. Qe3 R8b5 35. Rxb4 Rxb4 36.
e6 fxe6 37. Nxe6 Qd6+ 38. Kh1 Re4 39. Qd2 Qxe6 40. Qxa5 Re2 41. Qa8+ Kh7 42. Qa1 Qe4 43. Rg1 c5 44. Qc1 Re3 45. Kh2 Qe5+ 46. Kh1 d4 47. Qc2+ d3 48. Qd2 Qe4 49. Kh2 Qf4+ 50. g3 Qe4 51.
Rg2 Re2 52. Rxe2 Qxe2+ 53. Qxe2 dxe2 0-1

[Event "Late-Titled-Tuesday-Blitz-March-26-2024"]
[Site "Chess.com"]
[Date "2024.03.26"]
[Round "3"]
[White "N_I_Chess"]
[Black "CrushingKings"]
[Result "0-1"]
[WhiteElo "2323"]
[BlackElo "2567"]
[TimeControl "180+1"]
[EndTime "14:30:26 PDT"]
[Termination "CrushingKings won by resignation"]

1. d4 g6 2. c4 Bg7 3. Nc3 Nf6 4. e4 d6 5. f4 O-O 6. Nf3 c5 7. d5 e6 8. Be2 exd5 9. cxd5 Bg4 10. O-O Re8 11.
h3 Bxf3 12. Bxf3 Nfd7 13. Qd3 Qb6 14. Kh1 Na6 15. a3 Rac8 16. Bd2 c4 17. Qc2 Nac5 18. Be3 Qa6 19. Rad1 Nd3 20. Be2 N7c5 21. f5 Nxe4 22. Nxe4 Rxe4 23. Bg5 Rce8 24. Bf3 R4e5 25. fxg6 hxg6 26.
Bh4 Re3 27. Bg5 R3e5 28. Bh4 Re3 29. Bg5 Ne1 30. Qf2 Rxf3 31. gxf3 Nd3 32. Qg3 Bxb2 33. f4 Bg7 34. f5 Qxa3 35. fxg6 fxg6 36. Bf4 Qc5 37.
Bxd6 Qxd5+ 38. Kh2 Re2+ 39. Rf2 Rxf2+ 40. Qxf2 Qxd6+ 41. Qg3 Be5 42. Rxd3 cxd3 43. Qxe5 Qxe5+ 44. Kg2 Qf4 45. h4 d2 46. h5 d1=Q 0-1

[Event "Late-Titled-Tuesday-Blitz-March-26-2024"]
[Site "Chess.com"]
[Date "2024.03.26"]
[Round "3"]
[White "Der_Balak_3Halak"]
[Black "RantomOpening"]
[Result "1-0"]
[WhiteElo "2424"]
[BlackElo "2594"]
[TimeControl "180+1"]
[EndTime "14:30:27 PDT"]
[Termination "Der_Balak_3Halak won by resignation"]

1. e4 d6 2. Nf3 e5 3. c3 Nf6 4. h3 Nbd7 5. Bd3 Nc5 6. Bc2 Ncxe4 7. Bxe4 d5 8. Bc2 e4 9. Nd4 Bd6 10. d3 O-O 11. Bg5 h6 12. Be3 c5 13. Nb5 exd3 14. Bxd3 Be7 15. O-O a6 16. N5a3 Be6 17. Nd2 d4 18. cxd4 cxd4 19. Bf4 Nd5 20. Be5 Nb4 21. Bc4 Bf5 22. Nf3 d3 23. Qd2 b5 24. Bb3 Qd7 25. Nd4 Bg6 26. Nf3 Rfd8 27.
Rac1 Be4 28. Rc7 Qe8 29. Qf4 Bd5 30. Qg4 f6 31. Bc3 h5 32. Qf5 Bxb3 33. Bxb4 g6 34. Rxe7 gxf5 35. Rxe8+ Rxe8 36. axb3 a5 37. Bd6 Rad8 38.
Nxb5 Re2 39. Rd1 Rxb2 40. Rxd3 Rb1+ 41. Kh2 Rc1 42. Nfd4 f4 43. Bxf4 Re8 44. Rg3+ Kf7 45. Nd6+ Kf8 46. Bh6+ Ke7 47. N4f5+ Kd7 48. Rg7+ Kd8 49.
Nxe8 Kxe8 50. Re7+ Kd8 51. Bf4 Rd1 52. Bc7+ Kc8 53.
Nd6+ Rxd6 54. Bxd6 1-0

[Event "Late-Titled-Tuesday-Blitz-March-26-2024"]
[Site "Chess.com"]
[Date "2024.03.26"]
[Round "3"]
[White "BillieKimbah"]
[Black "Savagelittlemole"]
[Result "1-0"]
[WhiteElo "2955"]
[BlackElo "2519"]
[TimeControl "180+1"]
[EndTime "14:30:28 PDT"]
[Termination "BillieKimbah won on time"]

1. Nf3 Nf6 2. c4 c5 3. b3 Nc6 4.
Bb2 g6 5. g3 Bg7 6. Bg2 O-O 7.
O-O d5 8. cxd5 Nxd5 9. Bxg7 Kxg7 10. d4 cxd4 11. Nxd4 Nxd4 12. Qxd4+ Nf6 13. Qe5 Qb6 14. Nc3 Be6 15. Na4 Qb4 16. a3 Qxb3 17. Nc5 Qb6 18. Rab1 Qd6 19. Qxd6 exd6 20. Nxe6+ fxe6 21. Rxb7+ Kh6 22.
Re7 Rae8 23. Rxa7 d5 24. a4 Ra8 25. Rxa8 Rxa8 26. Ra1 Ra5 27. e3 Kg7 28. Ra3 Kf7 29.
Bf1 Ne4 30. Bb5 Ke7 31. f3 Nc5 32. Kf2 Kd6 33. h4 h6 34. g4 g5 35. Kg3 e5 36. f4 exf4+ 37. exf4 Ne4+ 38. Kf3 gxh4 39. Bd3 Nc5 40. Bc2 Ne6 41. Bd1 h3 42. Ra2 Ra8 43. Kg3 Rf8 44. a5 Nxf4 45. a6 Ne6 46. a7 Nc7 47.
Kxh3 Kc6 48. Kh4 Kb7 49. Kh5 Rg8 50. Kxh6 Nb5 51. Rb2 Kc6 52. Ba4 1-0

[Event "Late-Titled-Tuesday-Blitz-March-26-2024"]
[Site "Chess.com"]
[Date "2024.03.26"]
[Round "3"]
[White "GMJustin"]
[Black "katharinareinecke"]
[Result "1-0"]
[WhiteElo "2366"]
[BlackElo "1988"]
[TimeControl "180+1"]
[EndTime "14:30:28 PDT"]
[Termination "GMJustin won on time"]

1. d4 d5 2. c4 c6 3. Nf3 Nf6 4. e3 Bg4 5. Nbd2 e6 6. Be2 Be7 7. O-O O-O 8. h3 Bh5 9. b3 Nbd7 10. Bb2 Rc8 11. Rc1 Ne4 12. Nxe4 dxe4 13. Nd2 Bxe2 14.
Qxe2 f5 15. f3 exf3 16. Nxf3 Nf6 17. Nd2 Bd6 18. e4 fxe4 19. Nxe4 Nxe4 20. Qxe4 Qe7 21. Rce1 Rce8 22. Rxf8+ Qxf8 23. d5 cxd5 24. cxd5 e5 25. Rc1 Qf4 26. Qxf4 exf4 27. Kf2 b6 28. Rc4 Bc5+ 29. Bd4 Bxd4+ 30. Rxd4 Rd8 31. Kf3 g5 32. Kg4 h6 33. h4 gxh4 34. Kxf4 Kg7 35. Kg4 Kf6 36. Kxh4 Ke5 37. Rd1 Rg8 38. d6 Rd8 39. d7 Ke6 40. Kh5 a5 41. g4 b5 42. Kxh6 Rh8+ 43. Kg7 Rd8 44. g5 a4 45. g6 axb3 46. axb3 b4 47. Kh7 Kf6 48. g7 Ke6 49. g8=Q+ Ke7 50. Qg7+ 1-0

[Event "Late-Titled-Tuesday-Blitz-March-26-2024"]
[Site "Chess.com"]
[Date "2024.03.26"]
[Round "3"]
[White "KorolDimitriy75"]
[Black "Orest_Vovk"]
[Result "1/2-1/2"]
[WhiteElo "2400"]
[BlackElo "2594"]
[TimeControl "180+1"]
[EndTime "14:30:29 PDT"]
[Termination "Game drawn by repetition"]

1. d4 Nc6 2. c4 e5 3. dxe5 Nxe5 4. e3 Nf6 5. Nc3 Bb4 6. Bd2 O-O 7. Be2 Re8 8. Nf3 d6 9. O-O h6 10. Nd5 Nxd5 11. cxd5 Bxd2 12. Qxd2 Nxf3+ 13. Bxf3 Bf5 14. Rac1 Be4 15. Bxe4 Rxe4 16. Rc3 Rc8 17. Rfc1 Re7 18. Qd4 a6 19. Qa7 Rb8 20. h3 Rd7 21. Qd4 Re7 22.
a4 b6 23. b4 a5 24. b5 Rd7 25. Rc4 Qe7 26. Qc3 Rb7 27. Rg4 f6 28. Qc6 Rb8 29. Re4 Qf7 30. Re6 Re8 31. Qc4 Rde7 32. Rxe7 Rxe7 33.
Qg4 f5 34. Qd4 Qf6 35. Qxf6 gxf6 36. Rc4 Kf7 37. Kf1 Ke8 38. Ke2 Kd7 39. Kd3 Re5 40.
Rd4 Kd8 41. g3 Kd7 42. Kc4 Re7 43. Rf4 Re4+ 44. Rxe4 fxe4 45. Kd4 f5 46. Kc4 Ke7 47. Kc3 Kf6 48. Kd4 h5 49. h4 Kg6 50. Kc3 Kg7 51.
Kc4 Kf6 52. Kd4 Kf7 53. Kc4 Ke7 54. Kc3 Kf7 55. Kc4 Kg7 56. Kc3 Kg6 57. Kc4 Kf6 58. Kd4 1/2-1/2

[Event "Late-Titled-Tuesday-Blitz-March-26-2024"]
[Site "Chess.com"]
[Date "2024.03.26"]
[Round "3"]
[White "MyDream003"]
[Black "anasta10"]
[Result "1-0"]
[WhiteElo "2793"]
[BlackElo "2570"]
[TimeControl "180+1"]
[EndTime "14:30:30 PDT"]
[Termination "MyDream003 won by resignation"]

1. e4 c5 2. Nf3 Nc6 3. d4 cxd4 4.
Nxd4 e5 5. Nb5 d6 6. N1c3 Nf6 7. Bg5 a6 8. Na3 Be6 9. Nc4 b5 10. Ne3 Be7 11. Bxf6 Bxf6 12. Ncd5 Bg5 13. c3 O-O 14. Be2 Rc8 15. O-O Ne7 16. Nxe7+ Qxe7 17. Nd5 Bxd5 18.
Qxd5 Rc5 19. Qb3 Rd8 20. Rad1 Qe6 21. Qxe6 fxe6 22. Rd3 d5 23. exd5 exd5 24. Rfd1 d4 25. g3 Bf6 26. cxd4 exd4 27. R1d2 a5 28. Kg2 b4 29.
Bd1 Kf8 30. Ba4 Rc1 31. Re2 Ra1 32. Bb3 a4 33. Bxa4 Rxa2 34. Bb3 Ra1 35. h4 Rc1 36. g4 Bxh4 37. Rf3+ Bf6 38. g5 d3 39. Rd2 Rd4 40.
gxf6 Rg4+ 41. Rg3 Rxg3+ 42. fxg3 gxf6 43. Rxd3 Rb1 44. Rd2 Kg7 45. Bc4 h5 46. b3 Kh6 47.
Rd5 Rc1 48. Rb5 Rc2+ 49. Kh3 Rc3 50. Rxb4 Kg5 51. Rb5+ f5 52. Be6 h4 53. Rxf5+ Kg6 54. Kxh4 Re3 55. Rg5+ Kf6 56. Bc4 Re1 57. Rb5 1-0

[Event "Late-Titled-Tuesday-Blitz-March-26-2024"]
[Site "Chess.com"]
[Date "2024.03.26"]
[Round "3"]
[White "janhelmer03"]
[Black "Fh2411"]
[Result "1-0"]
[WhiteElo "2405"]
[BlackElo "2582"]
[TimeControl "180+1"]
[EndTime "14:30:30 PDT"]
[Termination "janhelmer03 won by resignation"]

1. Nf3 d5 2. e3 c6 3. c4 Nf6 4. Nc3 a6 5. b3 Bf5 6. Bb2 e6 7. d4 Nbd7 8. Bd3 Bg6 9. O-O Ne4 10.
Qc2 f5 11. Ne2 Bd6 12. Ne5 O-O 13. Nf4 Qe8 14. f3 Ng5 15. h4 Nf7 16. Nexg6 hxg6 17. Nxg6 Qd8 18. Nxf8 Qxh4 19. f4 Rxf8 20. Qf2 Qh6 21. g3 Nf6 22. Rae1 g5 23. Qh2 Qg6 24. Qg2 Ng4 25. Qh3 Nfh6 26. Kg2 Kg7 27. Bc1 Rh8 28. Rh1 Nf7 29. Qxg4 fxg4 30. Bxg6 Rxh1 31. Rxh1 Kxg6 32. Re1 Kf5 33. Rh1 Kg6 34. Kf2 Bf8 35. Ke2 Bh6 36. Kd3 Kf5 37. c5 gxf4 38. exf4 Kf6 39. Rh5 Kg6 40.
Rh4 Kf5 41. Be3 Bg7 42. Rh5+ Kg6 43. Rh1 Nh6 44. b4 Nf5 45. Bf2 Bf6 46. a4 Bd8 47. b5 axb5 48. axb5 Ba5 49. bxc6 bxc6 50. Ra1 Bd8 51.
Ra6 Ne7 52. Ra8 Bc7 53. Ra7 Bxf4 54. Rxe7 1-0

[Event "Late-Titled-Tuesday-Blitz-March-26-2024"]
[Site "Chess.com"]
[Date "2024.03.26"]
[Round "3"]
[White "Iball95"]
[Black "varunkrishnanchess"]
[Result "1/2-1/2"]
[WhiteElo "2876"]
[BlackElo "2627"]
[TimeControl "180+1"]
[EndTime "14:30:31 PDT"]
[Termination "Game drawn by repetition"]

1. e4 e5 2. Nf3 Nc6 3. Nc3 Nf6 4. Bb5 Nd4 5. Nxd4 exd4 6. e5 dxc3 7. exf6 Qxf6 8. dxc3 Bc5 9. O-O O-O 10. Bd3 d6 11. Qd2 Bf5 12. Qf4 Bg6 13. Qxf6 gxf6 14. Re1 Rfe8 15. Bh6 Re5 16. Kf1 Rae8 17. f4 Rxe1+ 18. Rxe1 Rxe1+ 19. Kxe1 Bxd3 20. cxd3 f5 21. d4 Bb6 22.
Bg5 Kg7 23. Ke2 f6 24. Bh4 d5 25. Kd3 c6 26. Be1 Bc7 27. Ke3 b5 28. Kf3 Kg6 29. Bd2 Bd6 30. h3 Bc7 31. Ke2 Bd6 32.
b3 Kf7 33. a4 a6 34. Kf3 Kg6 35. Kf2 Kf7 36. Ke2 Kg6 37. Kd3 Kf7 38. c4 Ke6 39. g3 Be7 40. Ba5 Kd7 41. Bb6 Ke6 42. Bc7 Kd7 43. Ba5 Ke6 44. Kc3 Kd7 45. Bb4 Bd8 46. Kd3 Ke6 47. cxb5 cxb5 48. Ke3 a5 49. Bc5 bxa4 50.
bxa4 Kd7 51. Kf3 Ke6 52. g4 fxg4+ 53. Kxg4 Bc7 54. f5+ Kf7 55. Kh5 Kg7 56. Ba7 Bd8 57. Kg4 Bc7 58. Bc5 Kf7 59. Kf3 Kg7 60. Ba7 Kf7 61. Ke3 Kg7 62. Bc5 Kf7 63. Ba3 Kg7 64. Bc1 Kf7 65. Bd2 Kg7 66. Kf3 Kf7 67. Kg4 Kg7 68.
Kh5 Bd8 69. Bh6+ Kf7 70. Bf4 Bb6 71. Be3 Kg7 72. Kg4 Kf7 73. Kf3 Kg7 74. Ke2 Kf7 75.
Kd3 Kg7 76. Bf4 Kf7 77. Bd6 Kg7 78. Bc5 Bc7 79. Ke3 Kf7 80. Kf3 Kg7 81. Kg4 Bd8 82. Kh5 Bc7 83. Ba7 Bd8 84. Bc5 Bc7 1/2-1/2

[Event "Late-Titled-Tuesday-Blitz-March-26-2024"]
[Site "Chess.com"]
[Date "2024.03.26"]
[Round "3"]
[White "EsmeraldasAnderson03"]
[Black "emeli_chess"]
[Result "1-0"]
[WhiteElo "2610"]
[BlackElo "2413"]
[TimeControl "180+1"]
[EndTime "14:30:32 PDT"]
[Termination "EsmeraldasAnderson03 won on time"]

1. d4 Nf6 2. c4 e6 3. Nc3 Bb4 4. f3 d5 5. a3 Bxc3+ 6. bxc3 c6 7. e3 O-O 8. cxd5 cxd5 9. Bd3 b6 10. Ne2 Ba6 11. O-O Bxd3 12. Qxd3 Nc6 13. e4 dxe4 14. fxe4 Ne5 15. Qg3 Ng6 16. Qd3 Nd7 17. a4 Rc8 18.
Ba3 Re8 19. Qf3 f6 20. Qg4 Ndf8 21. h4 f5 22. Qg3 Qxh4 23. Qf3 Qxe4 24. Qxe4 fxe4 25.
Rae1 Nd7 26. Bb2 Nf6 27. Ng3 Rc4 28. a5 bxa5 29. Nxe4 Nxe4 30. Rxe4 a4 31. Ra1 e5 32.
Re2 Rb8 33. Ra2 exd4 34. cxd4 Nf4 35. Rd2 Nd5 36. Ba3 Rb1+ 37. Kh2 h6 38. Bc5 a6 39. Rd3 Rbc1 40. Rda3 R1c2 41. Rxa4 Rxa2 42. Rxa2 Nf4 43. Kg3 Ne6 44. Ba7 Nxd4 45. Rxa6 Nf5+ 46. Kf3 Rb4 47. Bc5 Rc4 48. Ba3 Nh4+ 49. Kg3 Nf5+ 50. Kh2 Kh7 51. Bb2 Rc2 52. Ba1 Ne3 53. Kh3 1-0

[Event "Late-Titled-Tuesday-Blitz-March-26-2024"]
[Site "Chess.com"]
[Date "2024.03.26"]
[Round "3"]
[White "ural58"]
[Black "Andrey_Klymchuk"]
[Result "0-1"]
[WhiteElo "2468"]
[BlackElo "2688"]
[TimeControl "180+1"]
[EndTime "14:30:34 PDT"]
[Termination "Andrey_Klymchuk won on time"]

1. e4 c5 2. b3 a6 3. d4 cxd4 4. Qxd4 Nc6 5. Qd2 Nf6 6. Nc3 g6 7. Bb2 Bg7 8. O-O-O O-O 9. f4 d6 10. Nf3 Qa5 11. Kb1 Bg4 12. h3 Bxf3 13. gxf3 Rac8 14. f5 Ne5 15. Be2 b5 16. Nd5 Qd8 17. Nxf6+ Bxf6 18.
f4 Nd7 19. fxg6 hxg6 20. h4 Bxb2 21. Kxb2 Nf6 22. Bf3 Kg7 23. h5 Rh8 24. h6+ Kh7 25. f5 Rc5 26. fxg6+ fxg6 27. Rhg1 Rg8 28. Rg5 Qc7 29.
Rdg1 Rxg5 30. Qxg5 b4 31. Kb1 Qc3 32. Bd1 Qe5 33.
Qd2 Nxe4 34. Qe1 Nc3+ 35. Ka1 Ne2+ 36. Kb1 Nxg1 37. Qxg1 Rf8 38. Qg4 Rf4 39. Qg2 Rd4 40.
Qf1 Rf4 41. Qg2 Kxh6 42. Qh1+ Kg7 43. Bf3 Qe3 44. Bb7 Qd2 45. Bxa6 Qc3 46. Bd3 Qf6 47. Qb7 g5 48. Qa7 g4 49. a3 bxa3 50. Qxa3 g3 51. Qa8 Rf2 52. Qe4 g2 53. Qh7+ Kf8 54. Qh2 Rf1+ 0-1

[Event "Late-Titled-Tuesday-Blitz-March-26-2024"]
[Site "Chess.com"]
[Date "2024.03.26"]
[Round "3"]
[White "aceontheturn"]
[Black "Irishchessman16"]
[Result "1/2-1/2"]
[WhiteElo "2737"]
[BlackElo "2556"]
[TimeControl "180+1"]
[EndTime "14:30:35 PDT"]
[Termination "Game drawn - insufficient material"]

1. e4 c5 2. Nf3 Nc6 3. d4 cxd4 4. Nxd4 Nf6 5. Nc3 d6 6. Be2 g6 7.
O-O Bg7 8. Be3 Nxd4 9. Bxd4 O-O 10. Re1 Be6 11. Qd2 d5 12. exd5 Nxd5 13. Bxg7 Kxg7 14. f3 Qb6+ 15. Kh1 Rfd8 16. Nxd5 Rxd5 17. Qc3+ Qd4 18. Qxd4+ Rxd4 19. Rad1 Rad8 20. Rxd4 Rxd4 21. Bd3 Kf6 22. a3 Bf5 23. Rd1 Bxd3 24. cxd3 Rd6 25. Kg1 Rb6 26. Rd2 Rb3 27. Kf2 Ke5 28. Ke3 Kd5 29. Rc2 f5 30. f4 e5 31. fxe5 Kxe5 32. h4 f4+ 33. Ke2 Kf5 34.
h5 gxh5 35. Rc7 Rxb2+ 36. Kf3 Rb3 37. Rc5+ Kg6 38. Ke4 Rxa3 39. Rc7 Ra2 40. Rxb7 Rxg2 41. Rxa7 Rd2 42. Rd7 Kg5 43. Kf3 Rd1 44. Rd5+ Kh4 45.
Kxf4 Rf1+ 46. Ke3 Kg4 47. Rd7 h6 48. Rg7+ Kh3 49. d4 h4 50. Ke2 Rf5 51. Ke3 Rg5 52. Rh7 h5 53. Kf4 Rg4+ 54. Ke5 Kg3 55. d5 h3 56. Ra7 h2 57. Ra1 Kh3 58. d6 Rg1 59.
Ra3+ Kg4 60. Ra4+ Kf3 61. d7 Re1+ 62. Kf6 Rd1 63. Rh4 Rxd7 64. Rxh2 Rh7 65. Kg5 Kg3 66. Rxh5 Rxh5+ 67. Kxh5 1/2-1/2

[Event "Late-Titled-Tuesday-Blitz-March-26-2024"]
[Site "Chess.com"]
[Date "2024.03.26"]
[Round "3"]
[White "Koalaskakistis"]
[Black "Stanbad1"]
[Result "1-0"]
[WhiteElo "2461"]
[BlackElo "2642"]
[TimeControl "180+1"]
[EndTime "14:30:35 PDT"]
[Termination "Koalaskakistis won on time"]

1. e4 c6 2. c4 d5 3. exd5 cxd5 4. cxd5 Nf6 5. Bb5+ Bd7 6. Bc4 g6 7. Nc3 Bg7 8. Qb3 Bc8 9. d3 O-O 10. Nf3 Nbd7 11.
O-O Nb6 12. Re1 Bf5 13. h3 Rc8 14. Be3 Ne8 15. Nb5 Nxc4 16. dxc4 a6 17. Nbd4 Bd7 18. Rac1 Nd6 19. c5 Nb5 20. Nxb5 Bxb5 21. a4 Bd7 22.
Qxb7 Bxa4 23. Qxa6 Bb3 24. d6 exd6 25. cxd6 Ra8 26.
Qd3 Rb8 27. Bg5 f6 28. Bf4 Bf7 29. Rc2 Qa5 30. Rd2 Rfd8 31. Red1 Bf8 32. Qc3 Qf5 33.
Bg3 Rbc8 34. Qb4 Rc4 35. Qb7 Rd7 36. Qb8 Kg7 37. Nd4 Qc5 38. Nb3 Qf5 39. Nd4 Qc5 40. Ne2 Rc2 41. Nc3 Rxd2 42. Rxd2 Qf5 43. Qb4 h5 44.
Qd4 g5 45. h4 g4 46. Ne4 Bg6 47. Nxf6 Kh6 48. Nxd7 Qxd7 49. Qh8+ Bh7 50. Qf6+ Bg6 51. Qh8+ Bh7 52. Bf4+ Kg6 53. Qxf8 Qf5 54. Qh6+ Kf7 55.
d7 Qxf4 56. Qxf4+ 1-0

[Event "Late-Titled-Tuesday-Blitz-March-26-2024"]
[Site "Chess.com"]
[Date "2024.03.26"]
[Round "3"]
[White "Arigu07"]
[Black "mishanick"]
[Result "1-0"]
[WhiteElo "2547"]
[BlackElo "3036"]
[TimeControl "180+1"]
[EndTime "14:30:39 PDT"]
[Termination "Arigu07 won on time"]

1. b3 d5 2. Bb2 c5 3. Nf3 Nc6 4. e3 a6 5. d4 Nf6 6. Nbd2 Bg4 7. Be2 e6 8. O-O cxd4 9. exd4 Bd6 10. Ne5 Bf5 11.
c4 O-O 12. Re1 Rc8 13. a3 Bb8 14. Bf3 a5 15. Qe2 a4 16. b4 dxc4 17. Nxc6 bxc6 18. Nxc4 Nd5 19. g3 Qe7 20. Rac1 Rfd8 21. Na5 Qe8 22. Qd1 c5 23. dxc5 Nxb4 24. axb4 Rxd1 25. Rexd1 h5 26.
Rd2 Qb5 27. Ba3 Be5 28. Be2 Qb8 29. b5 h4 30. Nc6 Rxc6 31. bxc6 hxg3 32. hxg3 Bxg3 33.
Rcd1 Bxf2+ 34. Kxf2 Qh2+ 35. Ke3 Qe5+ 36. Kf2 Qh2+ 37.
Ke3 g5 38. Rd8+ Kg7 39. Bb2+ e5 40. Rf1 Be6 41. c7 Qg3+ 42. Rf3 Qg1+ 43. Kd2 Qxc5 44. Rc3 Qb4 45. Kc1 Qf4+ 46. Kb1 Qe4+ 47. Bd3 Qe1+ 48. Rc1 Qe3 49. c8=Q Bxc8 50. Rcxc8 g4 51. Rd5 f6 52. Rc7+ Kh6 53. Bc1 Qxc1+ 54. Kxc1 Kg5 55. Rd6 Kf4 56. Rxf6+ Ke3 57. Re7 1-0

[Event "Late-Titled-Tuesday-Blitz-March-26-2024"]
[Site "Chess.com"]
[Date "2024.03.26"]
[Round "3"]
[White "SahibSinghKnight"]
[Black "Abhishek2"]
[Result "1/2-1/2"]
[WhiteElo "2586"]
[BlackElo "2413"]
[TimeControl "180+1"]
[EndTime "14:30:39 PDT"]
[Termination "Game drawn - insufficient material"]

1. e4 e5 2. Nf3 Nc6 3. Bb5 a6 4. Ba4 Nf6 5. O-O b5 6. Bb3 Bc5 7. c3 d6 8. h3 O-O 9. Re1 h6 10. d4 Bb6 11. a4 Bb7 12. Bc2 exd4 13. cxd4 Nb4 14. Nc3 Nxc2 15. Qxc2 b4 16. Nb1 a5 17.
Nbd2 Re8 18. b3 Qe7 19. d5 c6 20. Nc4 Bc5 21. Bb2 Nxe4 22. dxc6 Bxc6 23. Re2 Qa7 24. Rae1 Re6 25. Bc1 Nxf2 26. Rxf2 Bxf3 27. Rxe6 Bxf2+ 28.
Qxf2 Qxf2+ 29. Kxf2 fxe6 30. Kxf3 Rc8 31. Bd2 Ra8 32.
Nxd6 Rd8 33. Nc4 Rd3+ 34. Ke2 Rxb3 35. Nxa5 Ra3 36. Bxb4 Rxa4 37. Bd2 Ra2 38. Nc4 Kf7 39. Kf3 g6 40. Bxh6 Kf6 41. Be3 e5 42. Nd2 Kf5 43.
Ne4 Ra3 44. h4 Ke6 45. g4 Kf7 46. Ng5+ Kg7 47. Ke4 Ra4+ 48. Kf3 Ra3 49. Ne4 Kf7 50. Kf2 Ra4 51. Ng5+ Kg7 52. Kf3 Rb4 53. Bf2 Rf4+ 54. Kg3 Ra4 55. Bg1 Ra3+ 56. Kg2 Ra2+ 57. Kf3 Kf6 58.
Be3 Ra3 59. Ne4+ Ke6 60. Nf2 Kd5 61. h5 gxh5 62. gxh5 Ra8 63. Ng4 Ke6 64. h6 Kf5 65. Nf2 Rh8 66. Ne4 Kg6 67. Kg4 Ra8 68. Kf3 Rf8+ 69. Kg4 Rh8 70. Kf3 Rxh6 71. Bxh6 Kxh6 72. Kg4 Kg6 73. Ng3 e4 74. Nxe4 1/2-1/2